 Dungeon Crawl Stone Soup version 0.27-a0-869-g165b36e3f0 (webtiles) character file.

Game seed: 6393770746597248896

48 rageheart7 the Insei (level 3, 0/23 HPs)
             Began as an Octopode Transmuter on Apr 2, 2021.
             Succumbed to Terence's poison
             ... on level 3 of the Dungeon.
             The game lasted 00:02:31 (2352 turns).

rageheart7 the Insei (Octopode Transmuter)          Turns: 2352, Time: 00:02:32

Health: 0/23       AC:  1    Str: 10    XL:     3   Next: 72%
Magic:  6/6        EV: 13    Int: 15    God:
Gold:   115        SH:  0    Dex: 12    Spells: 6/7 levels left

rFire    + . .     SeeInvis .     - Unarmed
rCold    x . .     Faith    .   (no shield)
rNeg     . . .     Spirit   .   (helmet restricted)
rPois    .         Reflect  .   c - amulet of magic regeneration
rElec    .         Harm     .   a - ring of fire
rCorr    .         Rampage  .   (no ring)
Will     .....                  (no ring)
Stlth    ++........             (no ring)
HPRegen  0.07/turn              (no ring)
MPRegen  0.35/turn              (no ring)
                                (no ring)
                                (no ring)

@: lethally poisoned (0 -> -20)
A: almost no armour, amphibious, 8 rings, camouflage 1, gelatinous body 1,
(nimble swimmer 1), tentacles
a: no special abilities


You were on level 3 of the Dungeon.
You visited 1 branch of the dungeon, and saw 3 of its levels.

You collected 115 gold pieces.

Inventory:

Jewellery
 a - a ring of fire (left tentacle)
 c - an amulet of magic regeneration (around mantle)
Potions
 e - a potion of heal wounds
 i - a potion of ambrosia {unknown}


   Skills:
 + Level 1.5 Fighting
 - Level 2.0 Dodging
 + Level 3.3 Unarmed Combat
 * Level 2.6 Spellcasting
 * Level 2.7 Transmutations


You had 6 spell levels left.
You knew the following spells:

 Your Spells              Type           Power      Damage    Failure   Level
a - Beastly Appendage     Tmut           20%        N/A       7%          1

Your spell library contained the following spells:

 Spells                   Type           Power      Damage    Failure   Level
 Wereblood                Tmut           10%        N/A       10%         2
 Spider Form              Tmut/Pois      3%         N/A       34%         3
 Ice Form                 Ice/Tmut       6%         N/A       75%         4
 Hydra Form               Tmut           5%         N/A       88%         5


Dungeon Overview and Level Annotations

Branches:
Dungeon (3/15)

Altars:

Annotations:
D:3 Terence


Innate Abilities, Weirdness & Mutations

You cannot wear most types of armour.
You are amphibious.
You can wear up to eight rings at the same time.
Your skin changes colour to match your surroundings (Stealth+).
Your rubbery body absorbs attacks. (AC +1, EV +1)
((You are camouflaged near water. (Stealth+)))
You have tentacles for arms and can constrict up to eight enemies at once.


Message History

a +0 club; 9 gold pieces; a goblin corpse No target in view!
No target in view!
No target in view!
No target in view!
No target in view!
No target in view!
No target in view!
No target in view!
No target in view!
No target in view!
No target in view!
No target in view!
You now have 115 gold pieces (gained 9).
Things that are here:
a +0 club; a goblin corpse
There is a stone staircase leading down here.
Terence the Incautious comes into view.
He is wielding a +0 trident and quivering poisoned darts.
Terence shouts!
You hear a shout! x4
A hobgoblin comes into view.
A goblin and a hobgoblin come into view.
Terence misses you.
The hobgoblin shouts!
Terence throws a poisoned dart.
The poisoned dart hits you!
You are poisoned.
You feel very sick.
You feel sick.
You feel sick.
You feel sick.
You feel sick.
Terence throws a poisoned dart.
The poisoned dart hits you!
You are lethally poisoned!
You feel very sick.
Terence throws a poisoned dart.
The poisoned dart hits you!
You are more poisoned.
You feel very sick.
* * * LOW HITPOINT WARNING * * *
You feel very sick.
* * * LOW HITPOINT WARNING * * *
You feel sick.
You die...

#. #.######.# #.
#......#.#
..####.##########.#.#
...............##.#.######
..............).........>#
...#........##.##.#.####.#
#........#.......# #.#
#....#########.######.###
#........@..............#
#....#########.######.#.#
.. #....#......##.# #.#.#
.. #....#......##.# #.#.#
... #@...#......##.#
#.#.##
...#####....#......##.#
#.#...
.......gg#'##......##.###
#.####
..g.....g#.##......##...#
###
.........#.##......##..##


There were no monsters in sight!

Vanquished Creatures
  A worm (D:2)
  4 dart slugs
  2 endoplasms
  2 goblins
  3 hobgoblins
  4 jackals
  4 kobolds
  2 quokkas (D:1)
  2 ball pythons
  6 bats
  3 frilled lizards
  4 rats
37 creatures vanquished.

Notes
Turn   | Place    | Note
-------+----------+-------------------------------------------
     0 | D:1      | rageheart7 the Octopode Transmuter began the quest for the
                  | Orb.
     0 | D:1      | Reached XP level 1. HP: 13/13 MP: 3/3
   233 | D:1      | Reached XP level 2. HP: 18/18 MP: 5/5
  1219 | D:1      | Reached XP level 3. HP: 22/23 MP: 4/6
  1506 | D:2      | Found a faded altar of an unknown god.
  2336 | D:3      | Noticed Terence
  2352 | D:3      | Succumbed to Terence's poison

Illustrated notes

Levels and vault maps discovered:
D:1:      doesnt_arrival_eight_statues, layout_basic, serial_curves,
          eino_curves_02, eino_curves_04, eino_curves_02,
          minmay_misc_feat_nine_boxes, kennysheep_crisscross
D:2:      layout_rooms, basic_ecumenical_altar
D:3:      layout_basic, grunt_decor_mini_mirrors, uniq_robin, uniq_terence,
          uniq_crazy_yiuf_cottage

Action                   || total
-------------------------++-------
Melee: Unarmed           ||    75
       Tentacles         ||     7
       Constrict         ||    18
       Kick              ||     9
 Cast: Beastly Appendage ||    10
  Use: Scroll            ||     7
 Stab: Sleeping          ||     4
Armor: Skin              ||     1
Dodge: Dodged            ||    53

Table legend: (Time is in decaauts)
 A = Elapsed time spent in this place.
 B = Non-inter-level travel time spent in this place.
 C = Inter-level travel time spent in this place.
 D = Time resting spent in this place.
 E = Time spent auto-exploring this place.
 F = Levels seen in this place.
 G = Mean time per level.
                   A        B        C        D        E       F      G
               +--------+--------+--------+--------+--------+-----+--------+
         Total |   2348 |   2297 |     51 |     83 |   1935 |   3 |  782.7 |
       Dungeon |   2348 |   2297 |     51 |     83 |   1935 |   3 |  782.7 |
               +--------+--------+--------+--------+--------+-----+--------+

Top non-repeatable levels by time:
     D:1: 1217 daAuts
     D:2: 936 daAuts
     D:3: 194 daAuts
